 Dungeon Crawl Stone Soup version 0.31-a0-354-g827e0957a7 (webtiles) character file.

Game seed: 7249552244210804293

228893 hashsling the Slayer (level 19, -10/125 HPs)
             Began as a Gargoyle Gladiator on July 23, 2023.
             Was an Elder of Okawaru.
             Mangled by an Ice Fiend (26 damage)
             ... in an ice cave.
             The game lasted 03:02:16 (28880 turns).

hashsling the Slayer (Gargoyle Gladiator)          Turns: 28880, Time: 03:02:16

Health: -10/125    AC: 56    Str: 45    XL:     19   Next: 43%
Magic:  16/17      EV: 14    Int: 13    God:    Okawaru [****..]
Gold:   1695       SH: 21    Dex: 16    Spells: 18/18 levels left

rFire   . . .        b - +11 whip of Bread {freeze, *Slow Str+2 Int+4 Stlth+}
rCold   . . .        U - +1 kite shield {rC+}
rNeg    + . .        s - +2 crystal plate armour
rPois   ∞            v - +1 helmet of the Iron Devil {Str+6 Dex-4}
rElec   +            I - scarf "Pymaed" {repulsion, -Cast Str+2 Dex+2}
rCorr   +            l - +1 pair of gloves
SInv    .            (no boots)
Will    ++...        Q - amulet of Dishonesty {Reflect +Blink rCorr MP-9 Dex+8 SH+5} Stlth
                     a - +4 ring of protection
HPRegen 0.40/turn    x - +6 ring of strength
MPRegen 0.15/turn

%: no spellcasting, slow self (1%), repel missiles, reflection
@: heroic, on blink cooldown, enlightened, flying, unable to read
A: sickness immunity, AC +14, big wings, negative energy resistance 1,
electricity resistance, torment resistance 1, petrification resistance, talons
1, frail 1, strong 1, cold vulnerability 1, inability to read after injury 1
}: 1/15 runes: barnacled
a: Renounce Religion, Evoke Blink, Heroism, Finesse


You were in an ice cave.
You worshipped Okawaru.
Okawaru was greatly pleased with you.
You visited 7 branches of the dungeon, and saw 27 of its levels.
You also visited: Ossuary and Ice Cave.

You collected 2873 gold pieces.
You spent 1178 gold pieces at shops.

Inventory:

Hand Weapons
 b - the +11 whip of Bread (weapon) {freeze, *Slow Str+2 Int+4 Stlth+}
   (You took it off a goblin on level 2 of the Dungeon)

   Str:       It affects your strength (+2).
   Int:       It affects your intelligence (+4).
   *Slow:     It may slow you when you take damage.
   Stlth:     It makes you more stealthy.
 r - a +6 flail of holy wrath
 L - a +8 lajatang of electrocution
Missiles
 d - 8 throwing nets
 f - 6 curare-tipped darts
 m - 43 boomerangs
 H - 7 poisoned darts
 J - 2 javelins (quivered)
 K - 2 atropa-tipped darts
 M - 6 silver javelins
 O - 3 boomerangs of dispersal
Armour
 l - a +1 pair of gloves (worn)
 s - a +2 crystal plate armour (worn)
 v - the +1 helmet of the Iron Devil (worn) {Str+6 Dex-4}
   (You found it on level 2 of the Shoals)

   Str:       It affects your strength (+6).
   Dex:       It affects your dexterity (-4).
 I - the scarf "Pymaed" (worn) {repulsion, -Cast Str+2 Dex+2}
   (Okawaru gifted it to you on level 2 of the Orcish Mines)

   Str:       It affects your strength (+2).
   Dex:       It affects your dexterity (+2).
   -Cast:     It prevents spellcasting.
 U - a +1 kite shield of cold resistance (worn)
 V - a +2 buckler of resistance
Jewellery
 a - a +4 ring of protection (left hand)
 u - a ring of protection from cold
 x - a +6 ring of strength (right hand)
 F - a ring of ice
 Q - the amulet of Dishonesty (around neck) {Reflect +Blink rCorr MP-9 Dex+8 SH+5}
   (You bought it in a shop on level 2 of the Orcish Mines)

   [amulet of reflection]

   It reflects blocked missile attacks.
   Dex:       It affects your dexterity (+8).
   MP:        It affects your magic capacity (-9).
   +Blink:    It lets you blink.
   rCorr:     It protects you from acid and corrosion.
   SH:        It affects your SH (+5).
 Z - a ring of see invisible
Wands
 o - a wand of acid (8)
 C - a wand of roots (13)
 E - a wand of mindburst (7)
 W - a wand of flame (29)
Scrolls
 c - 5 scrolls of fog
 i - 2 scrolls of blinking
 j - 3 scrolls of brand weapon
 n - 18 scrolls of teleportation
 t - a scroll of revelation
 w - 3 scrolls of immolation
 y - 2 scrolls of silence
 D - 4 scrolls of poison
 P - 3 scrolls of fear
 T - 12 scrolls of identify
Potions
 e - 3 potions of heal wounds
 g - 2 potions of might
 k - 3 potions of cancellation
 p - 8 potions of curing
 q - 4 potions of invisibility
 z - 4 potions of resistance
 A - 3 potions of brilliance
 G - 2 potions of haste
 N - 2 potions of ambrosia
 R - 2 potions of enlightenment
 S - a potion of magic
Miscellaneous
 B - a lightning rod (1/4)
 X - a piece from Xom's chessboard (15/15)


   Skills:
 + Level 21.8(26.8) Fighting
 - Level 13.7(19.0) Maces & Flails
 - Level 4.3(14.9) Staves
 + Level 8.3(13.3) Throwing
 + Level 19.7(24.7) Armour
 - Level 6.0(11.0) Dodging
 + Level 13.8(18.8) Shields
 + Level 9.7 Invocations
 - Level 4.0 Evocations


You had 18 spell levels left.
You didn't know any spells.
Your spell library contained the following spells:

 Spells                   Type           Power      Damage    Failure   Level
 Foxfire                  Conj/Fire      0%         2x1d4     78%         1
 Freeze                   Ice            0%         1d3       78%         1
 Kiss of Death            Conj/Necr      0%         2d5       78%         1
 Shock                    Conj/Air       0%         1d3       78%         1
 Slow                     Hex            0%         N/A       78%         1
 Sting                    Tmut/Pois      0%         1d3       78%         1
 Blink                    Tloc           0%         N/A       89%         2
 Ensorcelled Hibernation  Hex/Ice        0%         N/A       89%         2
 Lesser Beckoning         Tloc           0%         N/A       89%         2
 Momentum Strike          Conj/Tloc      0%         3d8       89%         2
 Passwall                 Tmut/Erth      0%         N/A       89%         2
 Poisonous Vapours        Pois/Air       0%         N/A       89%         2
 Scorch                   Fire           0%         2d5       89%         2
 Wereblood                Tmut           0%         N/A       89%         2
 Confusing Touch          Hex            0%         N/A       98%         3
 Frozen Ramparts          Ice            0%         1d1       98%         3
 Gell's Gravitas          Tloc           0%         N/A       98%         3
 Hailstorm                Conj/Ice       0%         3d3       98%         3
 Mephitic Cloud           Conj/Pois/Air  0%         N/A       98%         3
 Ozocubu's Armour         Ice            0%         N/A       98%         3
 Portal Projectile        Hex/Tloc       0%         N/A       98%         3
 Swiftness                Air            0%         N/A       98%         3
 Teleport Other           Tloc           0%         N/A       98%         3
 Vampiric Draining        Necr           0%         2d6       98%         3
 Vhi's Electric Charge    Tloc/Air       0%         N/A       98%         3
 Volatile Blastmotes      Fire/Tloc      0%         2d10      98%         3
 Airstrike                Air            0%         2d(0-16)  100%        4
 Dispel Undead            Necr           0%         3d6       100%        4
 Flame Wave               Conj/Fire      0%         2d4       100%        4
 Fulminant Prism          Conj/Hex       0%         3d5       100%        4
 Iskenderun's Mystic Bla  Conj/Tloc      0%         2d3       100%        4
 Manifold Assault         Tloc           0%         N/A       100%        4
 Olgreb's Toxic Radiance  Pois           0%         N/A       100%        4
 Passage of Golubria      Tloc           0%         N/A       100%        4
 Petrify                  Tmut/Erth      0%         N/A       100%        4
 Sticky Flame             Conj/Fire      0%         2d3       100%        4
 Arcjolt                  Conj/Air       0%         1d10      100%        5
 Freezing Cloud           Conj/Ice/Air   0%         6-21      100%        5
 Metabolic Englaciation   Hex/Ice        0%         N/A       100%        5
 Yara's Violent Unravell  Hex/Tmut       0%         3d3       100%        5
 Eringya's Noxious Bog    Tmut/Pois      0%         4d6       100%        6
 Plasma Beam              Fire/Air       0%         2x1d10    100%        6
 Ozocubu's Refrigeration  Ice            0%         4d7       100%        7
 Ignition                 Fire           0%         3d3       100%        8
 Summon Small Mammal      Summ           Unusable   N/A       N/A         1
 Sublimation of Blood     Necr           Unusable   N/A       N/A         2
 Call Canine Familiar     Summ           Unusable   N/A       N/A         3
 Summon Guardian Golem    Hex/Summ       Unusable   N/A       N/A         3
 Tukima's Dance           Hex            Unusable   N/A       N/A         3
 Animate Dead             Necr           Unusable   N/A       N/A         4
 Summon Lightning Spire   Summ/Air       Unusable   N/A       N/A         4
 Simulacrum               Ice/Necr       Unusable   N/A       N/A         6
 Summon Cactus Giant      Summ           Unusable   N/A       N/A         6
 Haunt                    Necr/Summ      Unusable   N/A       N/A         7
 Summon Hydra             Summ           Unusable   N/A       N/A         7
 Infestation              Necr           Unusable   N/A       N/A         8

Dungeon Overview and Level Annotations

Branches:
Dungeon (9/15)             Temple (1/1) D:4            Lair (5/5) D:9
 Shoals (4/4) Lair:2        Snake (3/4) Lair:3        Slime (0/5) Lair:4
    Orc (2/2) D:9             Elf (3/3) Orc:2       Ossuary (visited)
  IceCv (1/1)

Altars:
Ashenzari
Cheibriados
Dithmenos
Elyvilon
Fedhas
Gozag
Hepliaklqana
Kikubaaqudgha
Makhleb
Nemelex Xobeh
Okawaru
Qazlal
Ru
Sif Muna
Trog
Uskayaw
Vehumet
Wu Jian
Xom
Yredelemnul
Zin
The Shining One
Jiyva

Shops:
D:5 (   D:8 (   Orc:2 (?*=   Elf:1 *   Shoals:2 **   Snake:3 (

Annotations:
Snake:3 exclusion: ice statue


Innate Abilities, Weirdness & Mutations

You are immune to sickness and miasma.
Your stone body is resilient. (AC +14)
You are immune to poison.
Your large and strong wings let you fly.
You resist negative energy. (rN+)
You are resistant to electric shocks. (rElec)
You are resistant to unholy torment.
You are immune to petrification.
You have sharp toenails.
You are frail. (-10% HP)
Your muscles are strong. (Str +4, Int/Dex -1)
You are vulnerable to cold. (rC-)
You occasionally lose the ability to read scrolls when taking damage.


Message History

You block the anaconda simulacrum's attack.
You thrash the anaconda simulacrum!!
The anaconda simulacrum vaporises!
Okawaru accepts your kill.
You hit the golden dragon simulacrum but do no damage.
You whack the golden dragon simulacrum! You claw the golden dragon simulacrum.
The golden dragon simulacrum is lightly damaged.
You hit the golden dragon simulacrum.
The golden dragon simulacrum is moderately damaged.
The golden dragon simulacrum bites you but does no damage.
The golden dragon simulacrum claws you but does no damage.
The golden dragon simulacrum tramples you but does no damage.
You thrash the golden dragon simulacrum!!
You claw the golden dragon simulacrum, but do no damage.
The golden dragon simulacrum is heavily damaged.
You whack the golden dragon simulacrum! You claw the golden dragon simulacrum.
The golden dragon simulacrum is almost destroyed.
You block the golden dragon simulacrum's attack. x2
The golden dragon simulacrum tramples you.
You hold your ground!
You hit the golden dragon simulacrum but do no damage.
The golden dragon simulacrum is almost destroyed.
You whack the golden dragon simulacrum!
The golden dragon simulacrum vaporises!
Okawaru accepts your kill.
You whack the Ice Fiend!
The Ice Fiend is lightly wounded.
You thrash the Ice Fiend!!
The Ice Fiend is moderately wounded.
The Ice Fiend completely misses you. The Ice Fiend claws you.
The Ice Fiend freezes you!!!
You feel threatened and lose the ability to read scrolls!
* * * LOW HITPOINT WARNING * * *
A dire elephant simulacrum comes into view.
You blink.
You feel more buoyant. The Ice Fiend attacks as you move away!
The Ice Fiend claws you!
* * * LOW HITPOINT WARNING * * *
The Ice Fiend freezes you!!
You die...

##.##...# ##..#..†#
#.....(# #.....##
##..#.## ##..⌠.#
#####.## ##...#
##.##.#..##..##
#ZZ#.###....####
#...1..#§###○..##.#.##
"$#.ZZ4#.###§#. ##.#.#
#..Z###1@..# ##/##
##.# ##..## ### ##
####


You could see an Ice Fiend.

Vanquished Creatures
  3 deep elf blademasters
  2 deep elf master archers (Elf:3)
  A titan (Shoals:4)
  Frances (Elf:1)
  The ghost of howech the Severer, a journeyman MiBe of Trog (Shoals:2)
  4 deep elf sorcerers (Elf:3)
  Louise (Elf:1)
  2 orc warlords (Orc:2)
  4 deep elf elementalists (Elf:3)
  A broodmother (shapeshifter) (Elf:3)
  5 deep elf demonologists (Elf:3)
  7 deep elf annihilators
  2 green deaths (Snake:1)
  11 merfolk impalers
  Josephine (Shoals:1)
  10 deep elf death magi (Elf:3)
  7 merfolk javelineers (Shoals:4)
  A deep elf high priest (Elf:1)
  7 hydras
  A merfolk avatar (Shoals:3)
  A boulder beetle (Lair:5)
  6 merfolk aquamancers
  7 two-headed ogres
  4 anacondas
  24 dancing weapons
  2 alligator snapping turtles
  A death yak (Lair:2)
  2 satyrs (Shoals:3)
  8 naga warriors
  5 orc high priests (Orc:2)
  2 skysharks
  2 shock serpents
  20 deep elf knights
  3 naga sharpshooters
  10 sea snakes
  7 naga ritualists
  A glowing orange brain (shapeshifter) (Elf:3)
  A bog body (IceCv)
  14 deep elf archers
  An obsidian statue (IceCv)
  3 orc knights (Orc:2)
  6 spriggan simulacra (IceCv)
  A lindwurm (Lair:5)
  35 deep elf zephyrmancers
  33 deep elf pyromancers
  A wolf spider (Lair:5)
  9 harpies
  An oklob plant (Lair:3)
  7 salamanders
  9 fauns
  5 orc sorcerers
  7 elephants
  7 mana vipers
  A moth of wrath (Shoals:2)
  2 cyclopes
  10 manticores
  15 water nymphs
  2 merfolk sirens (Shoals:1)
  14 black mambas
  13 naga magi
  13 cane toads
  2 guardian serpents
  4 torpor snails (Lair:2)
  2 rime drakes
  3 komodo dragons
  5 anaconda simulacra (IceCv)
  10 ice devils (IceCv)
  3 trolls (Orc:2)
  A freezing wraith (IceCv)
  3 spectral nagas (Snake:1)
  2 golden dragon simulacra (IceCv)
  13 wind drakes
  21 merfolk
  9 hornets
  A polar bear (Lair:3)
  15 snapping turtles
  14 blink frogs
  11 dream sheep
  2 dire elephant simulacra (IceCv)
  2 shadows (D:9)
  19 water elementals
  Sigmund (D:2)
  10 air elementals
  3 wraiths (Shoals:1)
  7 wyverns
  51 yaks
  5 fire elementals
  3 steam dragons
  5 basilisks
  A harpy simulacrum (IceCv)
  25 nagas
  A warg (shapeshifter) (Elf:2)
  6 wargs
  8 minotaur simulacra (IceCv)
  25 water moccasins
  42 orc warriors
  An ettin simulacrum (IceCv)
  An alligator simulacrum (IceCv)
  2 black bears
  13 wolves
  6 ogres
  3 phantoms
  3 centaurs
  A kobold brigand (D:8)
  9 bullfrogs
  A scorpion (D:6)
  3 earth elementals
  5 deep troll simulacra (IceCv)
  A wight (Ossuary)
  A troll zombie (D:9)
  8 killer bees
  2 lindwurm simulacra (IceCv)
  4 howler monkeys
  6 electric eels
  2 bullfrog zombies (Ossuary)
  3 centaur zombies (Ossuary)
  6 lava snakes
  8 hounds
  24 orc priests
  2 gnoll boudas
  2 jellies
  A sleepcap (D:5)
  A scorpion zombie (Ossuary)
  2 iguanas
  10 orc wizards
  7 ogre zombies (D:9)
  9 gnolls
  7 adders
  3 shadow imps
  2 white imps (D:7)
  An ufetubus (D:5)
  3 adder zombies (Ossuary)
  A worm (D:4)
  5 dart slugs
  71 orcs
  7 endoplasms
  2 giant cockroaches
  3 gnoll zombies (Ossuary)
  9 hobgoblins
  7 jackals
  A quokka (D:1)
  10 ball pythons
  2 bats
  2 frilled lizards
  10 goblins
  A goblin skeleton (D:9)
  8 goblin zombies
  2 hobgoblin skeletons (D:9)
  8 hobgoblin zombies
  8 kobolds
  2 orc skeletons (D:9)
  16 orc zombies
  7 rats
  A butterfly (Lair:2)
1068 creatures vanquished.

Vanquished Creatures (others)
  2 deep elf knights
  A deep elf pyromancer (Elf:1)
  A water elemental (Elf:3)
  2 orcs (Orc:2)
6 creatures vanquished.

Grand Total: 1074 creatures vanquished

Notes
Turn   | Place    | Note
-------+----------+-------------------------------------------
     0 | D:1      | hashsling the Gargoyle Gladiator began the quest for the
                  | Orb.
     0 | D:1      | Reached XP level 1. HP: 12/12 MP: 1/1
   230 | D:1      | Reached XP level 2. HP: 18/18 MP: 2/2
   472 | D:1      | Reached skill level 1 in Armour
   549 | D:1      | Reached XP level 3. HP: 22/22 MP: 3/3
  1012 | D:2      | Noticed Sigmund
  1034 | D:1      | Reached XP level 4. HP: 27/27 MP: 4/4
  1150 | D:2      | Killed Sigmund
  1151 | D:2      | Reached skill level 4 in Fighting
  1151 | D:2      | Reached XP level 5. HP: 23/33 MP: 5/5
  1252 | D:2      | Reached XP level 6. HP: 38/38 MP: 6/6
  1375 | D:2      | Identified the +11 whip of Bread {freeze, *Slow Str+2 Int+4
                  | Stlth+}
  1440 | D:2      | Found an ancient bone altar of Kikubaaqudgha.
  1882 | D:3      | Gained mutation: You have sharp toenails. [potion of
                  | mutation]
  1882 | D:3      | Gained mutation: Your spells are a little harder to cast,
                  | but a little more powerful. [potion of mutation]
  1882 | D:3      | Gained mutation: You are agile. (Dex +4, Str/Int -1)
                  | [potion of mutation]
  1882 | D:3      | Gained mutation: Your muscles are strong. (Str +4, Int/Dex
                  | -1) [potion of mutation]
  1890 | D:3      | Reached skill level 1 in Maces & Flails
  2562 | D:4      | Reached XP level 7. HP: 44/44 MP: 7/7
  2628 | D:4      | Found a staircase to the Ecumenical Temple.
  2641 | Temple   | Entered the Ecumenical Temple
  2650 | Temple   | Became a worshipper of Warmaster Okawaru
  3032 | D:5      | Entered Level 5 of the Dungeon
  3035 | D:5      | Found Xeesetzi's Weapon Shoppe.
  3122 | D:5      | Reached skill level 5 in Fighting
  3131 | D:5      | Reached * piety under Okawaru
  3132 | D:5      | Reached skill level 5 in Armour
  3192 | D:5      | Reached XP level 8. HP: 49/49 MP: 8/8
  3614 | D:6      | Reached skill level 5 in Maces & Flails
  3847 | D:6      | Reached ** piety under Okawaru
  3861 | D:6      | Reached skill level 6 in Fighting
  4391 | D:7      | Reached XP level 9. HP: 54/55 MP: 9/9
  4395 | D:7      | Found a sand-covered staircase.
  4403 | Ossuary  | Entered an ossuary
  4536 | Ossuary  | Noticed a silent spectre
  4791 | D:7      | Found an ancient bone altar of Kikubaaqudgha.
  4791 | D:7      | Found a glowing golden altar of the Shining One.
  4798 | D:7      | Found a shadowy altar of Dithmenos.
  4800 | D:7      | Found a glowing silver altar of Zin.
  4802 | D:7      | Found a sparkling altar of Nemelex Xobeh.
  4897 | D:7      | Reached skill level 7 in Fighting
  4971 | D:7      | Reached *** piety under Okawaru
  5248 | D:8      | Reached skill level 10 in Armour
  5415 | D:8      | Reached **** piety under Okawaru
  5416 | D:8      | Reached skill level 8 in Fighting
  5416 | D:8      | Reached skill level 1 in Invocations
  5422 | D:8      | Reached XP level 10. HP: 51/64 MP: 10/10
  5577 | D:8      | Received a gift from Okawaru
  5594 | D:8      | Reached ***** piety under Okawaru
  5595 | D:8      | Reached skill level 9 in Fighting
  5660 | D:8      | Found Detyrgh's Weapon Shoppe.
  6108 | D:9      | Identified the +5 scale mail of Acwett {Harm MP+9 Slay+3}
                  | (Okawaru gifted it to you on level 9 of the Dungeon)
  6108 | D:9      | Received a gift from Okawaru
  6336 | D:9      | Reached XP level 11. HP: 72/72 MP: 13/13
  6344 | D:9      | Found a staircase to the Orcish Mines.
  6419 | D:9      | Found a staircase to the Lair.
  6473 | D:9      | Reached skill level 10 in Fighting
  6477 | Orc:1    | Entered Level 1 of the Orcish Mines
  6593 | Orc:2    | Entered Level 2 of the Orcish Mines
  6615 | Orc:2    | Noticed a two-headed ogre
  6629 | Orc:2    | Killed a two-headed ogre
  6641 | Orc:2    | Noticed a two-headed ogre
  6648 | Orc:2    | Killed a two-headed ogre
  6725 | Orc:2    | Noticed a two-headed ogre
  6743 | Orc:2    | Killed a two-headed ogre
  6827 | Orc:2    | Noticed a two-headed ogre
  6832 | Orc:2    | Killed a two-headed ogre
  6833 | Orc:2    | Reached skill level 5 in Invocations
  6837 | Orc:2    | Noticed an orc high priest
  6843 | Orc:2    | Gained mutation: You are vulnerable to cold. (rC-) [a
                  | neqoxec]
  6856 | Orc:2    | Killed an orc high priest
  6857 | Orc:2    | Reached skill level 10 in Maces & Flails
  7004 | Orc:2    | Reached skill level 11 in Fighting
  7018 | Orc:2    | Found a staircase to the Elven Halls.
  7086 | Orc:2    | Noticed an orc sorcerer
  7086 | Orc:2    | Noticed an orc sorcerer
  7099 | Orc:2    | Killed an orc sorcerer
  7104 | Orc:2    | Killed an orc sorcerer
  7104 | Orc:2    | Received a gift from Okawaru
  7290 | Orc:2    | Reached XP level 12. HP: 80/80 MP: 15/15
  7411 | Orc:2    | Noticed a two-headed ogre
  7418 | Orc:2    | Killed a two-headed ogre
  7463 | Orc:2    | Identified the scarf "Pymaed" {repulsion, -Cast Str+2
                  | Dex+2} (Okawaru gifted it to you on level 2 of the Orcish
                  | Mines)
  7463 | Orc:2    | Received a gift from Okawaru
  7620 | Orc:2    | Identified the +5 chain mail "Ymnid" {rPois}
  7817 | Orc:2    | Noticed an orc warlord
  7868 | Orc:2    | Killed an orc warlord
  7869 | Orc:2    | Reached skill level 12 in Fighting
  7932 | Orc:2    | Noticed an orc high priest
  7957 | Orc:2    | Noticed a soul eater
  7971 | Orc:2    | Killed an orc high priest
  8088 | Orc:2    | Noticed an orc high priest
  8091 | Orc:2    | Noticed a sun demon
  8120 | Orc:2    | Killed an orc high priest
  8330 | Orc:2    | Noticed an orc high priest
  8332 | Orc:2    | Found Yzid's Magic Scroll Shop.
  8337 | Orc:2    | Killed an orc high priest
  8399 | Orc:2    | Bought a scroll of identify for 32 gold pieces
  8399 | Orc:2    | Bought a scroll of identify for 32 gold pieces
  8399 | Orc:2    | Bought a scroll of teleportation for 48 gold pieces
  8399 | Orc:2    | Bought a scroll of identify for 32 gold pieces
  8399 | Orc:2    | Bought a scroll of identify for 32 gold pieces
  8422 | Orc:2    | Found Voifun's Weapon Emporium.
  8422 | Orc:2    | Noticed an orc high priest
  8434 | Orc:2    | Noticed a soul eater
  8441 | Orc:2    | Noticed a soul eater
  8478 | Orc:2    | Killed an orc high priest
  8734 | Orc:2    | Identified the +3 war axe "Dofrif" {freeze, rCorr}
  8867 | Orc:2    | Noticed a two-headed ogre
  8889 | Orc:2    | Reached skill level 5 in Throwing
  8892 | Orc:2    | Killed a two-headed ogre
  8893 | Orc:2    | Reached skill level 13 in Fighting
  8893 | Orc:2    | Reached XP level 13. HP: 60/88 MP: 17/17
  9001 | Orc:2    | Found Lorasiucw's Jewellery Boutique.
  9001 | Orc:2    | Noticed an orc warlord
  9017 | Orc:2    | Killed an orc warlord
  9224 | Orc:2    | Found Reifeu Mups's General Store.
  9233 | Orc:2    | Reached skill level 15 in Armour
 10133 | Lair:1   | Entered Level 1 of the Lair of Beasts
 10445 | Lair:1   | Identified the +3 ring mail of Vullasit {rPois MP-9 Int-5
                  | Stlth+} (Okawaru gifted it to you on level 1 of the Lair of
                  | Beasts)
 10445 | Lair:1   | Received a gift from Okawaru
 10596 | Lair:1   | Reached skill level 14 in Fighting
 11071 | Orc:2    | Bought the amulet of Dishonesty {Reflect +Blink rCorr MP-9
                  | Dex+8 SH+5} for 807 gold pieces
 11940 | Lair:2   | Gained mutation: Your large and strong wings let you fly.
                  | [Gargoyle growth]
 11940 | Lair:2   | Reached XP level 14. HP: 96/96 MP: 19/19
 11941 | Lair:2   | Found a snail-covered altar of Cheibriados.
 12072 | Lair:2   | Found a staircase to the Shoals.
 12344 | Lair:3   | Reached skill level 15 in Fighting
 12432 | Lair:3   | Found a staircase to the Snake Pit.
 12458 | Lair:3   | Reached skill level 5 in Dodging
 12886 | Lair:3   | Received a gift from Okawaru
 13130 | Lair:3   | Identified the +6 dagger "Wuotufreusch" {heavy, rC+ Will+
                  | rCorr Dex-2}
 13135 | Lair:3   | Got the Octavo of Cinders
 13335 | Lair:4   | Reached skill level 1 in Shields
 13819 | Lair:4   | Found a staircase to the Slime Pits.
 13819 | Lair:4   | Found a viscous altar of Jiyva.
 14147 | Lair:5   | Entered Level 5 of the Lair of Beasts
 14209 | Lair:5   | Reached skill level 16 in Fighting
 14310 | Lair:5   | Received a gift from Okawaru
 14413 | Lair:5   | Reached skill level 5 in Shields
 14498 | Lair:5   | Received a gift from Okawaru
 15098 | Elf:1    | Entered Level 1 of the Elven Halls
 15265 | Shoals:1 | Entered Level 1 of the Shoals
 15343 | Shoals:1 | Reached XP level 15. HP: 101/105 MP: 20/20
 15357 | Shoals:1 | Identified the +12 long sword "Gurukono" {heavy, rF+ Str+2
                  | Dex-2 SInv}
 15362 | Shoals:1 | Reached skill level 1 in Evocations
 15407 | Shoals:1 | Noticed Josephine
 15422 | Shoals:1 | Killed Josephine
 15521 | Shoals:1 | Received a gift from Okawaru
 16054 | Shoals:1 | Reached skill level 17 in Fighting
 16608 | Shoals:2 | Found Fyothreck's Specific Store.
 16608 | Shoals:2 | Found Daj Ijyom's General Store.
 16950 | Shoals:2 | Found a transporter.
 16995 | Shoals:2 | Noticed howech's ghost (journeyman MiBe)
 17068 | Shoals:2 | Found a transporter.
 17140 | Shoals:2 | Killed howech's ghost
 17188 | Shoals:2 | Identified the +1 helmet of the Iron Devil {Str+6 Dex-4}
 17226 | Shoals:2 | Received a gift from Okawaru
 17693 | Shoals:3 | Received a gift from Okawaru
 17734 | Shoals:3 | Identified the +0 hat of Bubej {+Inv rC- Dex+5} (Okawaru
                  | gifted it to you on level 3 of the Shoals)
 17734 | Shoals:3 | Received a gift from Okawaru
 18148 | Shoals:3 | Reached skill level 18 in Fighting
 18637 | Shoals:3 | Reached XP level 16. HP: 114/114 MP: 12/21
 18692 | Shoals:4 | Entered Level 4 of the Shoals
 18748 | Shoals:4 | Paralysed by an air elemental for 1 turns
 18968 | Shoals:4 | Found a stormy altar of Qazlal.
 19227 | Shoals:4 | Paralysed by an air elemental for 1 turns
 19451 | Shoals:4 | Reached skill level 10 in Shields
 19702 | Shoals:4 | Noticed a titan
 19705 | Shoals:4 | Identified the scarf "Coufewk" {repulsion, *Corrode Int+3}
                  | (Okawaru gifted it to you on level 4 of the Shoals)
 19705 | Shoals:4 | Received a gift from Okawaru
 19706 | Shoals:4 | Reached skill level 19 in Fighting
 19724 | Shoals:4 | Killed a titan
 19749 | Shoals:4 | Identified the staff of the Shoals {rElec Dex+6 Air}
 19760 | Shoals:4 | Got a barnacled rune of Zot
 20437 | Elf:1    | Noticed Frances
 20458 | Elf:1    | Gained mutation: You are frail. (-10% HP) [a neqoxec]
 20475 | Elf:1    | Killed Frances
 20677 | Elf:1    | Found Bajuoxt's Assorted Antiques.
 20685 | Elf:1    | Bought a shiny chain mail for 195 gold pieces
 20790 | Elf:1    | Noticed Louise
 20808 | Elf:1    | Killed Louise
 20909 | Elf:1    | Paralysed by an orc sorcerer for 4 turns
 20927 | Elf:1    | Reached XP level 17. HP: 111/111 MP: 13/22
 21231 | Elf:1    | Identified the +1 sling of Cefata {freeze, rElec}
 21235 | Elf:1    | Reached skill level 20 in Fighting
 21244 | Elf:1    | Received a gift from Okawaru
 22061 | Elf:2    | Received a gift from Okawaru
 22372 | Elf:2    | Found a runed translucent gate.
 22373 | Elf:2    | Found a runed translucent gate.
 22373 | Elf:2    | Found a runed translucent gate.
 22758 | Elf:2    | Noticed a deep elf blademaster
 22759 | Arena    | Entered the Arena
 22769 | Arena    | Killed a deep elf blademaster
 22802 | Elf:2    | Received a gift from Okawaru
 23035 | Elf:2    | Reached skill level 21 in Fighting
 23067 | Elf:2    | Received a gift from Okawaru
 23198 | Elf:3    | Entered Level 3 of the Elven Halls
 23215 | Elf:3    | Received a gift from Okawaru
 23221 | Elf:3    | Reached XP level 18. HP: 64/118 MP: 2/23
 23756 | Elf:3    | Found a stormy altar of Qazlal.
 23860 | Elf:3    | Identified the +1 robe "Sufumog" {Rampage rElec rC- Dex+4}
                  | (Okawaru gifted it to you on level 3 of the Elven Halls)
 23860 | Elf:3    | Received a gift from Okawaru
 24116 | Elf:3    | Noticed a deep elf blademaster
 24124 | Elf:3    | Noticed a deep elf blademaster
 24131 | Elf:3    | Killed a deep elf blademaster
 24147 | Arena    | Entered the Arena
 24155 | Arena    | Killed a deep elf blademaster
 24168 | Elf:3    | Noticed a deep elf master archer
 24173 | Elf:3    | Noticed a deep elf master archer
 24180 | Elf:3    | Killed a deep elf master archer
 24203 | Elf:3    | Killed a ghostly deep elf master archer
 24220 | Elf:3    | Noticed an Ice Fiend
 24237 | Elf:3    | Killed a deep elf master archer
 24240 | Elf:3    | Noticed a Tzitzimitl
 24242 | Elf:3    | Noticed a Hell Sentinel
 24246 | Elf:3    | Killed a ghostly deep elf master archer
 24253 | Elf:3    | Noticed a Tzitzimitl
 24504 | Elf:3    | Identified the +10 double sword "Dughukaz" {venom, rElec
                  | rC- rCorr SInv}
 24504 | Elf:3    | Identified the +0 robe of Plasticity {Int+3}
 24504 | Elf:3    | Identified the ring "Uxogg" {rPois rCorr EV+5 Str-2}
 24694 | Elf:3    | Got the Folio of Configuration
 24726 | Elf:3    | Identified the +0 buckler of Hotyd {-Tele Fly Regen+}
 24727 | Elf:3    | Identified the +5 broad axe of Dohogu {heavy, rCorr Dex+2}
 24735 | Elf:3    | Got the Precepts of the Magpie
 24736 | Elf:3    | Identified the +5 scale mail "Xijoecer" {rF+ rN+ MP+9
                  | Dex-2}
 24745 | Elf:3    | Identified the amulet of Pagu {rF+ rN+ Regen+}
 24798 | Elf:3    | Got the Tome of Astrapomancy
 25420 | Snake:1  | Entered Level 1 of the Snake Pit
 25530 | Snake:1  | Received a gift from Okawaru
 26304 | Snake:1  | Found a runed translucent door.
 26578 | Snake:1  | Reached XP level 19. HP: 99/124 MP: 14/25
 26655 | Snake:1  | Identified the ring "Werene" {rElec rPois}
 26953 | Snake:2  | Received a gift from Okawaru
 27485 | Snake:3  | Found Taced's Antique Weapon Shoppe.
 27522 | Snake:3  | Found a frozen archway.
 27540 | IceCv    | Entered an ice cave
 27723 | IceCv    | Received a gift from Okawaru
 28209 | IceCv    | Lost mutation: Your spells are a little harder to cast, but
                  | a little more powerful. [potion of mutation]
 28209 | IceCv    | Lost mutation: You are agile. (Dex +4, Str/Int -1) [potion
                  | of mutation]
 28209 | IceCv    | Gained mutation: You occasionally lose the ability to read
                  | scrolls when taking damage. [potion of mutation]
 28854 | IceCv    | Noticed an Ice Fiend
 28880 | IceCv    | Mangled by an Ice Fiend

Illustrated notes

Levels and vault maps discovered:
D:1:      dreamdust_arrival_sigmund_warning, layout_loops_corners
D:2:      layout_rooms, basic_altar, minmay_small_reverse_x, uniq_sigmund
D:3:      layout_basic, st_stairs_10
D:4:      layout_loops_ring, temple_green
D:5:      layout_basic, serial_shops, nicolae_shop_bloodbath_and_beyond,
          minmay_manual_macuahuitl
D:6:      layout_loops_ring
D:7:      layout_gridville, chequers_temple_overflow_minitemple,
          nicolae_ossuary_entry_plus
D:8:      layout_loops_ring, serial_shops, nicolae_shop_waterfront
D:9:      layout_basic, lair_entry_dummy, zombieorc2_lemuel
Temple:   nicolae_temple_no_exploring_needed
Lair:1:   beast_lair_carwin_large_3, layout_chaotic_city, dreamdust_wasp_nest
Lair:2:   layout_chaotic_city, minmay_shoals_entry_hut, kennysheep_snail_temple,
          lemuel_fruit_fields, serial_bayou_shore_a, grunt_megastairs_1
Lair:3:   layout_loops_ring, nicolae_snake_entry_warm_welcome,
          minmay_lair_oklob_items, small_statue_intersection
Lair:4:   layout_cave_shapes, slime_entry_1, nicolae_lair_liquid_snakes
Lair:5:   hangedman_lair_tendril_chambers, layout_cave_shapes
Shoals:1: layout_shoals, nicolae_shoals_water_booths, uniq_josephine
Shoals:2: layout_shoals, gammafunk_ghost_berserking_beasts,
          nicolae_specific_store
Shoals:3: layout_shoals
Shoals:4: shoals_end_hellmonk_storm_palace [storm_palace_center_ruins,
          storm_palace_corner_narrow, storm_palace_corner_altar,
          storm_palace_corner_pillars, storm_palace_corner_pillars]
Snake:1:  cheibrodos_toxic_ritual, layout_basic, drop_trap,
          nicolae_snake_ghostly_warrior_ritual, grunt_megastairs_3
Snake:2:  layout_basic
Snake:3:  layout_cave_shapes, portal_ice_cave_entry_ice_statue_one,
          minmay_shop_star, uniq_mara, uniq_asterion, uniq_vashnia
Orc:1:    cheibrodos_orc_bank, layout_caves
Orc:2:    pubby_orc_utopia, serial_shops
Elf:1:    elf_arrival_001, layout_gridlike, serial_shops, shop,
          kennysheep_underground_church, uniq_louise, uniq_frances
Elf:2:    nicolae_elf_blades_crystal_corner, layout_gridlike,
          nicolae_elf_big_sculpture_3
Elf:3:    elf_hall, layout_geoelf_grid, nicolae_elf_altarnating,
          grunt_megastairs_2
IceCv:    ice_cave_caverns_01

Skill      XL: |  1  2  3  4  5  6  7  8  9 10 11 12 13 14 15 16 17 18 19 |
---------------+----------------------------------------------------------+-----
Throwing       | 2 3 5 6 7 8 |  8.3
Armour         | 1 2 3 5 8 10 12 13 14 15 16 17 18 19 | 19.7
Fighting       | 4 5 6 8 9 11 13 14 16 18 19 21 | 21.8
Staves         | 4 |  4.3
Dodging        | 3 4 6 |  6.0
Maces & Flails | 1 3 5 7 8 10 11 12 13 | 13.7
Invocations    | 1 3 5 7 8 9 |  9.7
Shields        | 6 9 11 12 13 | 13.8
Evocations     | 3 4 |  4.0

Action                     |  1- 3 |  4- 6 |  7- 9 | 10-12 | 13-15 | 16-18 | 19-21 || total
---------------------------+-------+-------+-------+-------+-------+-------+-------++-------
  Melee: Quarterstaff      |   118 |    38 |       |       |       |       |       ||   156
         Whip              |       |    50 |   235 |   511 |   948 |  1304 |   301 ||  3349
         Kick              |       |     7 |    65 |   130 |   393 |   521 |   136 ||  1252
         Punch             |       |       |     4 |     9 |     8 |       |       ||    21
  Throw: Javelin           |       |     4 |       |       |       |    11 |    21 ||    36
         Throwing net      |       |     1 |     1 |       |       |       |       ||     2
         Dart              |       |       |       |    13 |     2 |    26 |       ||    41
         Boomerang         |       |       |       |       |       |    32 |     9 ||    41
 Invoke: Heroism           |       |       |     1 |    11 |    10 |    16 |     7 ||    45
         Finesse           |       |       |       |     3 |     1 |     6 |       ||    10
         Duel              |       |       |       |       |       |     2 |       ||     2
Ability: Evoke Blink       |       |       |       |       |     1 |     3 |     2 ||     6
  Evoke: Lightning rod     |       |       |       |       |     5 |    17 |     1 ||    23
         Wand              |       |       |       |       |       |     4 |       ||     4
    Use: Potion            |       |     5 |       |     5 |     3 |     3 |     2 ||    18
         Scroll            |       |       |    13 |     8 |     2 |     1 |    10 ||    34
   Stab: Held in net/web   |       |     1 |       |       |       |       |       ||     1
         Sleeping          |       |     3 |       |       |     1 |       |       ||     4
 Armour: Leather armour    |     6 |       |       |       |       |       |       ||     6
         Ring mail         |    67 |    16 |       |       |       |       |       ||    83
         Plate armour      |       |     6 |   143 |    46 |       |       |       ||   195
         Scale mail        |       |       |       |    96 |   202 |       |       ||   298
         Crystal plate arm |       |       |       |       |   125 |   413 |   103 ||   641
  Dodge: Dodged            |   115 |    38 |   109 |   251 |   354 |   310 |    81 ||  1258
         Repelled          |       |       |       |       |     9 |    24 |     5 ||    38
  Block: Other             |       |       |       |       |    28 |       |       ||    28
         Buckler           |       |       |       |       |   372 |   522 |   146 ||  1040
         Reflection        |       |       |       |       |    24 |    65 |    15 ||   104
         Kite shield       |       |       |       |       |       |       |    56 ||    56

Table legend: (Time is in decaauts)
 A = Elapsed time spent in this place.
 B = Non-inter-level travel time spent in this place.
 C = Inter-level travel time spent in this place.
 D = Time resting spent in this place.
 E = Time spent auto-exploring this place.
 F = Levels seen in this place.
 G = Mean time per level.
                   A        B        C        D        E       F      G
               +--------+--------+--------+--------+--------+-----+--------+
         Total |  27331 |  25547 |   1784 |      0 |  19478 |  31 |  881.6 |
       Dungeon |   6719 |   6344 |    375 |      0 |   4932 |   9 |  746.6 |
        Temple |     18 |      9 |      9 |      0 |      0 |   1 |   18.0 |
          Lair |   4664 |   4178 |    486 |      0 |   3474 |   5 |  932.8 |
        Shoals |   4563 |   4417 |    146 |      0 |   3269 |   4 | 1140.8 |
     Snake Pit |   1979 |   1952 |     27 |      0 |   1469 |   3 |  659.7 |
  Orcish Mines |   3538 |   3022 |    516 |      0 |   2391 |   2 | 1769.0 |
   Elven Halls |   4366 |   4143 |    223 |      0 |   2791 |   3 | 1455.3 |
       Ossuary |    179 |    179 |      0 |      0 |     75 |   1 |  179.0 |
      Ice Cave |   1261 |   1261 |      0 |      0 |   1057 |   1 | 1261.0 |
         Arena |     39 |     39 |      0 |      0 |     19 |   2 |   19.5 |
               +--------+--------+--------+--------+--------+-----+--------+

Top non-repeatable levels by time:
   Orc:2: 3341 daAuts
   Elf:3: 1706 daAuts
   Elf:2: 1645 daAuts
Shoals:4: 1295 daAuts
   IceCv: 1261 daAuts
 Snake:1: 1192 daAuts
  Lair:2: 1173 daAuts
Shoals:3: 1143 daAuts
Shoals:1: 1123 daAuts
     D:1: 1070 daAuts
  Lair:3: 1067 daAuts
   Elf:1: 1014 daAuts
Shoals:2: 1001 daAuts
  Lair:1: 926 daAuts
     D:9: 897 daAuts
